[Event "Titled Tuesday Blitz March 08 Early 2022"]
[White "Atakhan, Abtin"]
[Black "Gaehwiler, Gabriel"]
[WhiteFideId "22502203"]
[BlackFideId "1314530"]
[WhiteElo "2119"]
[BlackElo "2383"]
[Result "1/2-1/2"]
[Round "07"]
[TimeControl "180+1"]
[Date "2022.03.08"]
[WhiteClock "0:00:05"]
[BlackClock "0:00:10"]

1. d4 Nf6 2. c4 g6 3. g3 Bg7 4. Bg2 O-O 5. Nc3 d6 6. Nf3 c6 7. O-O Bf5 8. Ne1 Qc8 9. e4 Bh3 10. Nc2 Na6 11. Qe2 Bxg2 12. Kxg2 e5 13. d5 cxd5 14. cxd5 Qd7 15. f3 Rfc8 16. Be3 Nc5 17. Rac1 Na4 18. Nxa4 Qxa4 19. Na3 Bf8 20. Rc4 Rxc4 21. Qxc4 Qxc4 22. Nxc4 Rc8 23. Rc1 a6 24. Nb6 Rxc1 25. Bxc1 Be7 26. Nc8 Bf8 27. Bd2 Ne8 28. Nb6 f6 29. a4 Kf7 30. Bb4 Ke7 31. Kf2 Kd8 32. Ke2 Kc7 33. Ba5 Kd8 34. Kd3 Bh6 35. Nc4+ Kd7 36. b4 Bf8 37. Nb6+ Kd8 38. Kc4 h5 39. b5 Bh6 40. bxa6 bxa6 41. Kd3 Ke7 42. Nc4 Kd7 43. Bb4 Kc7 44. Na5 h4 45. Nc6 h3 46. Ba5+ Kb7 47. Bd8 Bc1 48. Ke2 Kc8 49. Ba5 Kb7 50. Ne7 g5 51. Nf5 Kc8 52. Bb4 Kd7 53. Bd2 Ba3 54. Be3 Bb4 55. Bf2 Nc7 56. Kd3 Ne8 57. Kc4 Bd2 58. Ne3 Ng7 59. Nf1 Ba5 60. g4 Ne8 61. Ng3 Ng7 62. Kd3 Bb4 63. Ke2 Ba5 64. Be1 Bb6 65. Nh1 Bg1 66. Bg3 Ne8 67. Nf2 Bxf2 68. Kxf2 Kc7 69. Kg1 Kb6 70. Be1 Kc5 71. Kf2 Kd4 72. Kg3 Ke3 73. Ba5 Ke2 74. Bd8 Kf1 75. Bb6 Ke2 76. Bd8 Ke3 77. Bb6+ Kd3 78. Kxh3 Kc4 79. Kg3 Kb4 80. a5 Kc4 81. h4 gxh4+ 82. Kxh4 Kd3 83. g5 Ke2 84. gxf6 Nxf6 85. Kg5 Nd7 86. Bc7 Kxf3 87. Kf5 Nc5 88. Bxd6 Nxe4 89. Bxe5 Nc5 90. d6 Ke3 91. Kf6 Ke4 92. Bc3 Kd5 93. Ke7 Kc6 94. Bb4 Nd7 95. Ba3 Nb8 96. Kd8 Nd7 97. Kc8 Ne5 98. Kb8 Nd7+ 99. Ka7 Kb5 100. Kb7 Kxa5 101. Kc7 Nf6 102. Bb2 Ne8+ 103. Kc6 Nxd6 104. Kxd6 Kb4 105. Kd5 a5 106. Bc1 a4 107. Kd4 Kb3 108. Kd3 a3 109. Bxa3 1/2-1/2


[Site "https://www.chess.com"]

[Event "Titled Tuesday Blitz March 08 Early 2022"]
[White "Baches Garcia, Guillermo"]
[Black "Sanchez, Robert"]
[WhiteFideId "2209764"]
[BlackFideId "2034360"]
[WhiteElo "2415"]
[BlackElo "2265"]
[Result "0-1"]
[Round "07"]
[TimeControl "180+1"]
[Date "2022.03.09"]
[WhiteClock "0:00:08"]
[BlackClock "0:00:08"]

1. e4 e6 2. Nf3 c5 3. c4 Nc6 4. Nc3 Nf6 5. d4 cxd4 6. Nxd4 a6 7. Nxc6 bxc6 8. e5 Ng8 9. Bd3 d5 10. exd6 Bxd6 11. O-O Nf6 12. Bg5 h6 13. Bh4 g5 14. Bg3 Bxg3 15. hxg3 h5 16. Ne4 Nxe4 17. Bxe4 Bd7 18. Qd4 Rg8 19. Rad1 Qc7 20. Qf6 h4 21. g4 Qf4 22. Qd4 Qc7 23. Rd3 O-O-O 24. Rfd1 f5 25. Bf3 e5 26. Qc5 e4 27. Ra3 exf3 28. Rxa6 Kb8 29. Rb6+ Kc8 30. Ra6 Kb8 31. Qb4+ Qb7 32. Rb6 Bc8 33. Rxb7+ Bxb7 34. Rxd8+ Rxd8 35. gxf3 fxg4 36. fxg4 Rd1+ 37. Kh2 c5 38. Qb6 Rh1# 0-1


[Site "https://www.chess.com"]

[Event "Titled Tuesday Blitz March 08 Early 2022"]
[White "Baker, Chris W"]
[Black "Sahin, Handenur"]
[WhiteFideId "401676"]
[BlackFideId "6334865"]
[WhiteElo "2294"]
[BlackElo "2167"]
[Result "0-1"]
[Round "07"]
[TimeControl "180+1"]
[Date "2022.03.09"]
[WhiteClock "0:00:03"]
[BlackClock "0:00:19"]

1. d4 d5 2. Nf3 Nf6 3. c4 c6 4. cxd5 cxd5 5. Nc3 Nc6 6. Bf4 Bf5 7. e3 a6 8. Bd3 Bg6 9. O-O e6 10. Rc1 Bd6 11. Bg3 O-O 12. Bxg6 hxg6 13. Bh4 Be7 14. Qb3 Na5 15. Qc2 Rc8 16. Bxf6 Bxf6 17. Qe2 Nc4 18. b3 Nd6 19. Na4 Ne4 20. Nd2 Nd6 21. Nc5 Rc6 22. Nxb7 Qc7 23. Rxc6 Qxc6 24. Nxd6 Qxd6 25. Rc1 Qa3 26. Rc2 Rb8 27. Qd1 e5 28. dxe5 Bxe5 29. Nf3 Bb2 30. Qxd5 Qxa2 31. h4 Qb1+ 32. Ne1 Qxe1+ 33. Kh2 Bf6 34. Rc7 Rf8 35. Kg3 Qb4 36. Rc4 Qb8+ 37. Kh3 Rd8 38. Qe4 Rc8 39. g4 Rxc4 40. Qxc4 Qb5 41. Qc8+ Kh7 42. g5 Qf1+ 43. Kg3 Be5+ 44. Kf3 Qd1+ 45. Kg2 Qd5+ 46. Kf1 Qxb3 47. h5 Qb1+ 48. Kg2 Qe4+ 49. Kf1 gxh5 50. Qxa6 Qh1+ 51. Ke2 Qe4 52. Qa7 Kg6 0-1


[Site "https://www.chess.com"]

[Event "Titled Tuesday Blitz March 08 Early 2022"]
[White "Balint, Vilmos"]
[Black "Ibraev, Vasilij"]
[WhiteFideId "718050"]
[BlackFideId "4175190"]
[WhiteElo "2059"]
[BlackElo "2121"]
[Result "0-1"]
[Round "07"]
[TimeControl "180+1"]
[Date "2022.03.09"]
[WhiteClock "0:00:35"]
[BlackClock "0:00:21"]

1. e4 c5 2. Nf3 e6 3. d4 cxd4 4. Nxd4 a6 5. Nb3 Qc7 6. Bd3 Nf6 7. O-O d6 8. a4 b6 9. a5 b5 10. h3 Bb7 11. Re1 Be7 12. Nc3 Nbd7 13. Bf4 O-O 14. Qd2 Rac8 15. Rad1 Ne5 16. Bxe5 dxe5 17. Qe2 Bb4 18. Qd2 Bxa5 19. Nxa5 Qxa5 20. Nd5 Qd8 21. Nb4 Qe7 22. c3 Rfd8 23. Qe3 Rd6 24. Ra1 Rcd8 25. Bc2 Qc7 26. Ra2 Rd2 27. Rea1 Qd6 28. Nxa6 Rxc2 29. Nb4 Rd2 30. Ra7 Rd1+ 31. Rxd1 Qxd1+ 32. Kh2 Ba8 33. Qb6 Nxe4 34. Qc7 Rf8 35. Qxe5 Nxf2 36. Na6 Qh1+ 37. Kg3 Qxg2+ 38. Kh4 Qxh3+ 39. Kg5 f6+ 40. Kf4 fxe5+ 0-1


[Site "https://www.chess.com"]

[Event "Titled Tuesday Blitz March 08 Early 2022"]
[White "Bashirli, Nail"]
[Black "Svane, Frederik"]
[WhiteFideId "13406809"]
[BlackFideId "12923044"]
[WhiteElo "2333"]
[BlackElo "2459"]
[Result "1-0"]
[Round "07"]
[TimeControl "180+1"]
[Date "2022.03.08"]
[WhiteClock "0:00:13"]
[BlackClock "0:00:15"]

1. e4 c5 2. Nc3 d6 3. g3 Nc6 4. Bg2 g6 5. Nge2 Bg7 6. O-O e6 7. d3 Nge7 8. Be3 O-O 9. d4 cxd4 10. Nxd4 a6 11. Qd2 Nxd4 12. Bxd4 Bxd4 13. Qxd4 e5 14. Qe3 Be6 15. Rad1 Qc7 16. Rd2 b5 17. h4 b4 18. Ne2 Rad8 19. h5 d5 20. exd5 Nxd5 21. Qh6 Nf6 22. Rxd8 Rxd8 23. hxg6 hxg6 24. Qh4 Kg7 25. Qxb4 Qxc2 26. Nc3 Rd2 27. b3 Ng4 28. Be4 Qb2 29. Rb1 Rd4 30. Qxd4 Qxb1+ 31. Bxb1 exd4 32. Ne2 Kf6 33. Nxd4 Bd7 34. f3 Ke5 35. Ne2 Nf6 36. Kf2 Bc6 37. Bd3 a5 38. Ke3 Nd5+ 39. Kd2 Nb4 40. f4+ Kd6 41. Nc3 Kc5 42. Bc4 f6 43. a3 g5 44. fxg5 fxg5 45. axb4+ Kxb4 46. Nd5+ Kc5 47. Ne3 a4 48. bxa4 Bxa4 49. Kc3 Bc6 50. Nc2 Be4 51. Nb4 Bb7 52. Nd3+ Kd6 53. Kd4 Bf3 54. Ne5 Bh5 55. Bd5 Ke7 56. Be4 Kf6 57. Nd7+ Ke6 58. Nc5+ Kf6 59. Kd5 Bf7+ 60. Kd6 Bc4 61. Nd7+ Kg7 62. Ke7 Bb3 63. Nf6 Ba2 64. Ne8+ Kh6 65. Kf6 Bc4 66. Bf5 Be2 67. Nd6 Bh5 68. Nf7+ Bxf7 69. Kxf7 g4 70. Bxg4 Kg5 71. Bf3 Kh6 72. Kf6 Kh7 73. g4 Kg8 74. g5 Kf8 75. g6 Kg8 76. Bd5+ Kf8 77. g7+ Ke8 78. g8=Q+ Kd7 79. Qe6+ Kc7 80. Bf3 Kb8 81. Qc6 Ka7 82. Qb7# 1-0


[Site "https://www.chess.com"]

[Event "Titled Tuesday Blitz March 08 Early 2022"]
[White "Bilan, Danila"]
[Black "Vifleemskaia, Svetlana"]
[WhiteFideId "24161918"]
[BlackFideId "4129490"]
[WhiteElo "2164"]
[BlackElo "1901"]
[Result "1-0"]
[Round "07"]
[TimeControl "180+1"]
[Date "2022.03.09"]
[WhiteClock "0:01:37"]
[BlackClock "0:00:07"]

1. d4 Nf6 2. c4 e6 3. Nf3 Bb4+ 4. Nbd2 O-O 5. e3 Re8 6. Bd3 b6 7. O-O Bb7 8. a3 Bf8 9. b4 a5 10. b5 d5 11. Bb2 c5 12. bxc6 Nxc6 13. Rb1 Ba6 14. Qe2 a4 15. Ba1 Na5 16. cxd5 Bxd3 17. Qxd3 exd5 18. Rfc1 Qd6 19. Bb2 Rec8 20. Ne5 Nd7 21. Qf5 Nxe5 22. Rxc8 Rxc8 23. Qxc8 Nec4 24. Bc3 Qc6 25. Qxc6 Nxc6 26. Nxc4 dxc4 27. Rxb6 Ne7 28. e4 f6 29. d5 Kf7 30. Bb4 1-0


[Site "https://www.chess.com"]

[Event "Titled Tuesday Blitz March 08 Early 2022"]
[White "Bilych, Olexiy"]
[Black "Beerdsen, Thomas"]
[WhiteFideId "14156504"]
[BlackFideId "1030108"]
[WhiteElo "2176"]
[BlackElo "2585"]
[Result "0-1"]
[Round "07"]
[TimeControl "180+1"]
[Date "2022.03.08"]
[WhiteClock "0:00:16"]
[BlackClock "0:01:00"]

1. e4 e5 2. Nf3 Nc6 3. Bc4 Nf6 4. d3 h6 5. O-O d6 6. a4 g5 7. a5 g4 8. Nfd2 a6 9. Re1 h5 10. Nf1 h4 11. Nc3 Nd4 12. Bg5 c6 13. Ne2 Nf3+ 14. gxf3 gxf3 15. Nd4 exd4 16. e5 Rg8 17. exf6+ Kd7 18. Qxf3 Rxg5+ 19. Kh1 d5 20. Qf4 Rg6 21. Qxd4 Qxf6 22. Qxf6 Rxf6 23. Bb3 Rxf2 24. Ne3 Bd6 25. Ng4 Rf4 26. Ne5+ Kc7 27. Re2 Bh3 28. Rg1 Re8 29. Rge1 Bxe5 0-1


[Site "https://www.chess.com"]

[Event "Titled Tuesday Blitz March 08 Early 2022"]
[White "Bintang, Rasyid A. Hidayat"]
[Black "parintele_chess"]
[WhiteFideId "7105355"]
[WhiteElo "2368"]
[BlackElo "2215"]
[Result "0-1"]
[Round "07"]
[TimeControl "180+1"]
[Date "2022.03.09"]
[WhiteClock "0:00:39"]
[BlackClock "0:01:29"]

1. d4 d5 2. Bf4 Nf6 3. e3 g6 4. Nc3 Bg7 5. h4 h5 6. Nf3 O-O 7. Ne5 a6 8. Bd3 c5 9. dxc5 Nc6 10. Nxc6 bxc6 11. Na4 Ne4 12. Bxe4 Qa5+ 13. c3 dxe4 14. b4 Qb5 15. Qb3 Be6 16. Qa3 a5 17. Nb6 axb4 18. Qxb4 Qxb4 19. cxb4 Bxa1 20. Nxa8 Rxa8 21. O-O Rxa2 22. Rd1 Bc3 23. b5 cxb5 24. c6 Ra1 25. Rxa1 Bxa1 26. c7 Kf8 27. Bh6+ Ke8 28. Bf4 Kd7 0-1


[Site "https://www.chess.com"]

[Event "Titled Tuesday Blitz March 08 Early 2022"]
[White "Bortnyk, Olexandr"]
[Black "Durarbayli, Vasif"]
[WhiteFideId "14120828"]
[BlackFideId "13402935"]
[WhiteElo "2723"]
[BlackElo "2528"]
[Result "0-1"]
[Round "07"]
[TimeControl "180+1"]
[Date "2022.03.08"]
[WhiteClock "0:00:01"]
[BlackClock "0:00:12"]

1. e4 c5 2. c3 d5 3. exd5 Qxd5 4. d4 Nf6 5. Nf3 e6 6. Be3 cxd4 7. cxd4 Bb4+ 8. Nc3 O-O 9. Bd3 b6 10. Qe2 Bb7 11. O-O Qh5 12. Ne5 Qxe2 13. Bxe2 Nbd7 14. a3 Bxc3 15. bxc3 Nxe5 16. dxe5 Nd5 17. Bd2 Rac8 18. c4 Ne7 19. Bb4 Rfe8 20. Rfd1 Rc7 21. Bd6 Rcc8 22. c5 bxc5 23. Bb5 Bc6 24. Ba6 Rcd8 25. Bxc5 Nd5 26. Bd6 Nc3 27. Rdc1 Bb5 28. Rxc3 Bxa6 29. Rc7 Ra8 30. Bc5 Rec8 31. Rxc8+ Rxc8 32. Bxa7 g5 33. h3 Kg7 34. a4 Kg6 35. Rd1 Bb7 36. a5 Bd5 37. Bd4 Rc6 38. Ra1 Ra6 39. Bb6 Kf5 40. Re1 h5 41. f3 h4 42. Re2 Ra8 43. Kf2 Rc8 44. a6 Bc4 45. a7 Bxe2 46. Kxe2 Rc2+ 47. Kd3 Ra2 48. Bd4 Kf4 49. Bf2 Kxe5 50. Kc4 Kd6 51. Kb5 Kc7 52. Be3 f6 53. Kc4 Kb7 54. Bd4 e5 55. Bc5 Rxg2 56. Kd5 Rg3 57. Ke6 Rxf3 58. Be7 e4 59. Bxf6 Rxf6+ 60. Kxf6 e3 0-1


[Site "https://www.chess.com"]

[Event "Titled Tuesday Blitz March 08 Early 2022"]
[White "Bowden, Karl"]
[Black "P., Komal Kishore"]
[WhiteFideId "400548"]
[BlackFideId "5016703"]
[WhiteElo "2368"]
[BlackElo "2133"]
[Result "1-0"]
[Round "07"]
[TimeControl "180+1"]
[Date "2022.03.09"]
[WhiteClock "0:02:10"]
[BlackClock "0:01:50"]

1. e4 c6 2. c4 d5 3. cxd5 cxd5 4. exd5 Nf6 5. Bb5+ Bd7 6. Bc4 a6 7. a4 Qc7 8. d3 g6 9. Ne2 Bg7 10. Bf4 Qa5+ 11. Nbc3 b5 12. axb5 Qb6 13. O-O O-O 14. Qd2 Ra7 15. Be3 Qb7 16. Bxa7 Qxa7 17. bxa6 1-0


[Site "https://www.chess.com"]

[Event "Titled Tuesday Blitz March 08 Early 2022"]
[White "Brodowski, Piotr"]
[Black "Alonso Rosell, Alvar"]
[WhiteFideId "1124480"]
[BlackFideId "2270544"]
[WhiteElo "2422"]
[BlackElo "2474"]
[Result "0-1"]
[Round "07"]
[TimeControl "180+1"]
[Date "2022.03.08"]
[WhiteClock "0:00:08"]
[BlackClock "0:00:21"]

1. c4 e5 2. Nc3 Nf6 3. e4 Nc6 4. Nf3 Bb4 5. d3 d6 6. a3 Bc5 7. b4 Bb6 8. Na4 Bd4 9. Nxd4 Nxd4 10. Nc3 c6 11. h3 d5 12. exd5 cxd5 13. Bg5 dxc4 14. dxc4 h6 15. Bh4 O-O 16. Be2 Be6 17. O-O Rc8 18. c5 Nd5 19. Bxd8 Nxc3 20. Qd3 Ncxe2+ 21. Kh2 Rfxd8 22. Rae1 Nf4 23. Qe3 f6 24. Rd1 a5 25. g3 Nd5 26. Qc1 axb4 27. axb4 Nxb4 28. Qb2 Na6 29. Qxb7 Nxc5 30. Qb6 Bd5 31. g4 Nce6 32. f4 Bf3 33. fxe5 Rc2+ 34. Kg3 Rg2+ 35. Kh4 g5+ 36. Kh5 Kh7 37. exf6 Nf4# 0-1


[Site "https://www.chess.com"]

[Event "Titled Tuesday Blitz March 08 Early 2022"]
[White "Brunner, Nicolas"]
[Black "Polster, Christian"]
[WhiteFideId "620246"]
[BlackFideId "12965081"]
[WhiteElo "2372"]
[BlackElo "2282"]
[Result "1-0"]
[Round "07"]
[TimeControl "180+1"]
[Date "2022.03.09"]
[WhiteClock "0:00:24"]
[BlackClock "0:00:08"]

1. d4 d5 2. c4 e6 3. Nf3 c6 4. g3 Nf6 5. Bg2 Bd6 6. O-O Ne4 7. Nbd2 f5 8. Qc2 O-O 9. b3 Nd7 10. Bb2 Ndf6 11. Ne5 Bd7 12. Ndf3 Be8 13. Nd3 Bh5 14. Nfe5 a5 15. f3 Ng5 16. a3 Qe7 17. c5 Bc7 18. b4 axb4 19. axb4 Nf7 20. b5 Nxe5 21. dxe5 Nd7 22. b6 Rxa1 23. Rxa1 Bb8 24. Bd4 g5 25. Ra8 f4 26. Bh3 Bg6 27. Qc3 Qg7 28. Bxe6+ Kh8 29. Bxd7 Qxd7 30. e6+ 1-0


[Site "https://www.chess.com"]

[Event "Titled Tuesday Blitz March 08 Early 2022"]
[White "Bryakin, Mikhail"]
[Black "Gabdrakhmanov, Azat"]
[WhiteFideId "4165314"]
[BlackFideId "34189197"]
[WhiteElo "2417"]
[BlackElo "2279"]
[Result "1-0"]
[Round "07"]
[TimeControl "180+1"]
[Date "2022.03.08"]
[WhiteClock "0:01:09"]
[BlackClock "0:00:04"]

1. e4 c5 2. Nf3 e6 3. c3 d5 4. exd5 Qxd5 5. d4 Nf6 6. Be2 Nc6 7. Na3 cxd4 8. Nb5 Qd8 9. Nfxd4 Nxd4 10. Qxd4 Qxd4 11. Nxd4 Bd6 12. Bf3 Nd7 13. Be3 a6 14. O-O-O Ke7 15. Rhe1 Ne5 16. Be2 Rd8 17. f4 Nc6 18. Nxc6+ bxc6 19. Bf3 Bb7 20. g3 Rd7 21. Rd2 Bc7 22. Bc5+ Ke8 23. Rxd7 Kxd7 24. a4 Rd8 25. Rd1+ Kc8 26. b4 Rxd1+ 27. Kxd1 Bd8 28. Ke2 Bf6 29. Kd3 Kc7 30. Be4 g6 31. Bd4 Bxd4 32. Kxd4 f5 33. Bd3 Kd6 34. c4 c5+ 35. bxc5+ Kd7 36. a5 Bc6 37. Ke5 Ke7 38. Be2 Bb7 39. g4 Bc6 40. h3 h6 41. h4 Bb7 42. h5 gxh5 43. gxf5 exf5 44. Bxh5 Bc8 45. Bg6 Bd7 46. Bxf5 Bc6 47. Bg4 Be8 48. Bf3 h5 49. c6 h4 50. f5 h3 51. f6+ Kd8 52. Kd6 Bf7 53. c7+ Kc8 54. Bg4+ 1-0


[Site "https://www.chess.com"]

[Event "Titled Tuesday Blitz March 08 Early 2022"]
[White "Butti, Enrique"]
[Black "Bures, Vit"]
[WhiteFideId "3700470"]
[BlackFideId "309052"]
[WhiteElo "2080"]
[BlackElo "2118"]
[Result "0-1"]
[Round "07"]
[TimeControl "180+1"]
[Date "2022.03.09"]
[WhiteClock "0:00:27"]
[BlackClock "0:00:34"]

1. Nf3 d5 2. c4 d4 3. b4 f6 4. e3 e5 5. exd4 e4 6. Ng1 Qxd4 7. Nc3 Bxb4 8. Nge2 Qe5 9. Rb1 Nc6 10. Nd5 Bd6 11. Bb2 Qh5 12. Qc2 Nge7 13. Nd4 Nxd4 14. Bxd4 O-O 15. c5 Nxd5 16. cxd6 cxd6 17. Bc4 Be6 18. Rxb7 Rfe8 19. O-O Nf4 20. Bxe6+ Rxe6 21. Qc7 Qg6 22. g3 Ne2+ 23. Kh1 Nxd4 0-1


[Site "https://www.chess.com"]

[Event "Titled Tuesday Blitz March 08 Early 2022"]
[White "Chigaev, Maksim"]
[Black "Krysa, Leandro"]
[WhiteFideId "4108116"]
[BlackFideId "116807"]
[WhiteElo "2502"]
[BlackElo "2490"]
[Result "1-0"]
[Round "07"]
[TimeControl "180+1"]
[Date "2022.03.08"]
[WhiteClock "0:02:06"]
[BlackClock "0:01:31"]

1. d4 d5 2. c4 c6 3. Nf3 Nf6 4. Nc3 dxc4 5. e4 b5 6. Be2 Bg4 7. O-O e6 8. a4 b4 9. e5 bxc3 10. exf6 cxb2 11. fxg7 bxa1=Q 12. gxh8=Q Nd7 13. Ng5 Bxe2 14. Qxe2 Qf6 15. Qxf6 Nxf6 16. Qf3 Ke7 17. Ba3+ 1-0


[Site "https://www.chess.com"]

[Event "Titled Tuesday Blitz March 08 Early 2022"]
[White "Chizhikov, Vladislav"]
[Black "Ptacnikova, Lenka"]
[WhiteFideId "4178157"]
[BlackFideId "305650"]
[WhiteElo "2120"]
[BlackElo "1923"]
[Result "0-1"]
[Round "07"]
[TimeControl "180+1"]
[Date "2022.03.09"]
[WhiteClock "0:00:09"]
[BlackClock "0:00:06"]

1. e4 c5 2. Nf3 e6 3. b3 Nf6 4. e5 Nd5 5. c4 Nc7 6. Nc3 d5 7. exd6 Bxd6 8. Ne4 Be7 9. Bb2 O-O 10. d4 cxd4 11. Qxd4 Bb4+ 12. Nfd2 Qxd4 13. Bxd4 Nc6 14. Bb2 f5 15. Nc3 e5 16. O-O-O e4 17. Be2 Be6 18. Rhe1 Rad8 19. Nf1 Bd6 20. g3 Bb4 21. Ne3 Nd4 22. Ng2 Bf7 23. h4 Nce6 24. Bf1 Bh5 25. Rd2 Nf3 26. Rxd8 Rxd8 27. Rd1 Ned4 28. Nd5 Bc5 29. Ndf4 Bg4 30. Ne3 h5 31. Bg2 g6 32. Nxg4 hxg4 33. Bxf3 gxf3 34. Nxg6 Ne2+ 35. Kc2 Rxd1 36. Kxd1 Bxf2 37. Ne5 Nxg3 38. h5 Nxh5 39. Ng6 Ng3 40. Be5 e3 41. Nf4 e2+ 42. Nxe2 fxe2+ 0-1


[Site "https://www.chess.com"]

[Event "Titled Tuesday Blitz March 08 Early 2022"]
[White "Clawitter, Craig"]
[Black "Shubenkova, Veronika"]
[WhiteFideId "2023105"]
[BlackFideId "44124040"]
[WhiteElo "2267"]
[BlackElo "1938"]
[Result "1-0"]
[Round "07"]
[TimeControl "180+1"]
[Date "2022.03.09"]
[WhiteClock "0:00:07"]
[BlackClock "0:00:20"]

1. e4 c6 2. Nf3 d5 3. e5 Bf5 4. d4 e6 5. Be2 h6 6. O-O c5 7. Be3 Nc6 8. dxc5 Qc7 9. c4 dxc4 10. Bxc4 Rd8 11. Qa4 Ne7 12. Nc3 Nd5 13. Bxd5 exd5 14. Nb5 Qb8 15. Nd6+ Bxd6 16. exd6 O-O 17. Rfe1 Qc8 18. b4 Be4 19. Nd2 Ne5 20. Nxe4 dxe4 21. Bd4 Qf5 22. Bxe5 Qxe5 23. Qxa7 Rb8 24. Rad1 Qc3 25. Qa4 Ra8 26. Qb3 Qe5 27. Qd5 Qxd5 28. Rxd5 Rxa2 29. d7 Rd8 30. g4 Kf8 31. Rxe4 Rb2 32. Red4 g6 33. Rd6 Ke7 34. Rb6 Rxd7 35. Rxd7+ Kxd7 36. Rxb7+ Kc6 37. Rxf7 Rxb4 38. Rf6+ Kxc5 39. Rxg6 Kd5 40. h3 Ke4 41. Rxh6 Kf3 42. Rf6+ Ke2 43. Kg2 Re4 44. Rf3 Rc4 45. Re3+ Kd2 46. Rg3 Rf4 47. g5 Ke2 48. Re3+ Kd2 49. g6 Rf6 50. Rg3 Ke2 51. Re3+ Kd2 52. g7 Rg6+ 53. Rg3 Rd6 54. g8=Q Rd4 55. Qg5+ Ke1 56. Qe5+ Kd1 57. Qxd4+ Kc1 58. Rc3+ 1-0


[Site "https://www.chess.com"]

[Event "Titled Tuesday Blitz March 08 Early 2022"]
[White "Coelho, Ramyres Santana"]
[Black "Hoffmann, Asa"]
[WhiteFideId "2120690"]
[BlackFideId "2001470"]
[WhiteElo "1888"]
[BlackElo "2117"]
[Result "0-1"]
[Round "07"]
[TimeControl "180+1"]
[Date "2022.03.09"]
[WhiteClock "0:01:37"]
[BlackClock "0:01:45"]

1. e4 d6 2. d4 Nf6 3. Nc3 c6 4. f3 Nbd7 5. Be3 e5 6. Qd2 b5 7. O-O-O Qc7 8. dxe5 dxe5 9. Bd3 Bb4 10. a3 Bc5 11. Bxc5 Nxc5 12. g4 Be6 13. g5 Nh5 14. Nge2 O-O-O 15. Ng3 Nf4 16. Qe3 Qb6 17. Kb1 Ncxd3 18. Qxb6 axb6 19. cxd3 Nxd3 20. Rd2 Nf4 21. Rhd1 Rxd2 22. Rxd2 Rd8 23. Rxd8+ Kxd8 24. Nf5 Bxf5 25. exf5 Ke7 26. Ne4 f6 27. h4 h6 28. gxh6 gxh6 29. Kc2 Ne2 30. Kd3 Nd4 31. Ke3 Nxf5+ 32. Kf2 Nxh4 33. Ng3 f5 34. Ke3 f4+ 0-1


[Site "https://www.chess.com"]

[Event "Titled Tuesday Blitz March 08 Early 2022"]
[White "Cori T., Deysi"]
[Black "Leiva, Gianmarco"]
[WhiteFideId "3801934"]
[BlackFideId "3804399"]
[WhiteElo "2341"]
[BlackElo "2311"]
[Result "0-1"]
[Round "07"]
[TimeControl "180+1"]
[Date "2022.03.09"]
[WhiteClock "0:00:03"]
[BlackClock "0:00:15"]

1. d4 Nf6 2. Nf3 d5 3. c4 e6 4. Nc3 a6 5. e3 b6 6. Qc2 Bb7 7. Bd3 dxc4 8. Bxc4 Nbd7 9. e4 c5 10. O-O cxd4 11. Nxd4 Ne5 12. Rd1 Nxc4 13. Qa4+ b5 14. Ndxb5 Nd7 15. Qxc4 axb5 16. Nxb5 Rc8 17. Qd4 Nc5 18. Qxd8+ Rxd8 19. Nc7+ Ke7 20. Bg5+ f6 21. Be3 Nxe4 22. Rxd8 Kxd8 23. Nxe6+ Ke7 24. Nc7 Kd7 25. Nb5 Bc5 26. Rd1+ Kc6 27. Bxc5 Nxc5 28. Nd4+ Kb6 29. Nf5 Ra8 30. a3 Na4 31. Rd4 Kc5 32. Rb4 Bc6 33. Nxg7 Rg8 34. Ne6+ Kd6 35. Nf4 Re8 36. h3 Re1+ 37. Kh2 Rf1 38. g3 Rh1# 0-1


[Site "https://www.chess.com"]

[Event "Titled Tuesday Blitz March 08 Early 2022"]
[White "Coto Mederos, Michel"]
[Black "Ismayil, Malak"]
[WhiteFideId "3508528"]
[BlackFideId "13412604"]
[WhiteElo "2427"]
[BlackElo "1879"]
[Result "1-0"]
[Round "07"]
[TimeControl "180+1"]
[Date "2022.03.09"]
[WhiteClock "0:00:39"]
[BlackClock "0:00:01"]

1. c4 e5 2. Nc3 Nf6 3. Nf3 Nc6 4. e4 Bc5 5. Nxe5 Nxe5 6. d4 Bd6 7. c5 Ng6 8. cxd6 cxd6 9. Bd3 O-O 10. O-O b6 11. Be3 Bb7 12. d5 Ne5 13. f4 Nfg4 14. Bd4 Qh4 15. h3 Nxd3 16. Qxd3 Nh6 17. Rac1 f5 18. e5 dxe5 19. fxe5 f4 20. Qe4 Rae8 21. Ne2 g5 22. Rc7 Ba6 23. Rxd7 Rf7 24. Rxf7 Nxf7 25. e6 Bxe2 26. Qxe2 Nd6 27. Qe5 1-0


[Site "https://www.chess.com"]

[Event "Titled Tuesday Blitz March 08 Early 2022"]
[White "De Arruda, Leandro Formes"]
[Black "Tarini, Goyal"]
[WhiteFideId "22722009"]
[BlackFideId "5082749"]
[WhiteElo "1852"]
[BlackElo "1772"]
[Result "0-1"]
[Round "07"]
[TimeControl "180+1"]
[Date "2022.03.09"]
[WhiteClock "0:00:16"]
[BlackClock "0:00:17"]

1. d4 d5 2. Nf3 c5 3. e3 Nf6 4. Nbd2 Nc6 5. Be2 h6 6. O-O Bf5 7. c3 e6 8. Ne5 Bd6 9. f4 O-O 10. Qe1 Ne4 11. Bf3 f6 12. Nxc6 bxc6 13. Qh4 Nxd2 14. Bxd2 Rb8 15. b3 c4 16. b4 a5 17. a3 Qc7 18. g4 Bd3 19. Rf2 Ra8 20. Rc1 axb4 21. axb4 Ra2 22. g5 fxg5 23. fxg5 hxg5 24. Qxg5 Rxd2 25. Rxd2 Rxf3 26. Rg2 Qf7 27. Qd8+ Bf8 28. h4 Rf1+ 29. Rxf1 Qxf1+ 30. Kh2 Be4 31. Rg5 Qh1+ 32. Kg3 Qg2+ 33. Kf4 Qf3+ 34. Ke5 Qxe3 35. Kxe6 Bf5+ 36. Kxf5 Qe4# 0-1


[Site "https://www.chess.com"]

[Event "Titled Tuesday Blitz March 08 Early 2022"]
[White "De Souza, Cristiano Gomes"]
[Black "Zemerov, Vladimir"]
[WhiteFideId "2151758"]
[BlackFideId "4111583"]
[WhiteElo "2068"]
[BlackElo "2277"]
[Result "0-1"]
[Round "07"]
[TimeControl "180+1"]
[Date "2022.03.09"]
[WhiteClock "0:00:28"]
[BlackClock "0:00:23"]

1. d4 e6 2. c4 d5 3. Nf3 Nf6 4. Nc3 Bb4 5. Bg5 O-O 6. e3 c5 7. Bxf6 Qxf6 8. Rc1 Nc6 9. dxc5 Rd8 10. cxd5 exd5 11. Be2 d4 12. exd4 Nxd4 13. Nxd4 Rxd4 14. Qb3 Be6 15. Qc2 Bf5 16. Qb3 Re8 17. O-O Bxc5 18. Bf3 b6 19. Rfe1 Red8 20. Rcd1 h6 21. Rxd4 Qxd4 22. Rf1 Be6 23. Qc2 Qd2 24. Qxd2 Rxd2 25. Rd1 Rxb2 26. Rd8+ Kh7 27. h3 Rxf2 28. Kh2 Bxa2 29. Ne4 Rb2 30. Rd7 Be6 31. Rxa7 Bd4 32. Kg3 Be5+ 33. Kh4 f5 34. Re7 fxe4 35. Bxe4+ Kg8 36. Rxe6 Bf6+ 37. Kg4 Kf7 38. Bd5 Kf8 39. Kf5 Rb5 40. Ke4 Rb4+ 41. Kf3 Rb2 42. Re2 Rb4 43. Re4 Rb5 44. Bc6 Rc5 45. Be8 Bc3 46. Bg6 Rc8 47. g4 b5 48. h4 b4 49. h5 b3 50. Re2 b2 51. Bc2 Be5 52. Bg6 Rc5 53. Re1 Ke7 54. Rb1 Kf6 55. Ke2 Kg5 56. Bf5 Bf4 57. Kd3 Bc1 58. Kd4 Rxf5 59. gxf5 Kxf5 60. Kd3 Kg5 0-1


[Site "https://www.chess.com"]

[Event "Titled Tuesday Blitz March 08 Early 2022"]
[White "Dejmek, Mark"]
[Black "Kanyamarala, Trisha"]
[WhiteFideId "2017628"]
[BlackFideId "45004722"]
[WhiteElo "2235"]
[BlackElo "2047"]
[Result "0-1"]
[Round "07"]
[TimeControl "180+1"]
[Date "2022.03.09"]
[WhiteClock "0:00:05"]
[BlackClock "0:01:48"]

1. Nf3 d5 2. c4 d4 3. d3 c5 4. g3 Nc6 5. Bg2 e5 6. e3 Nf6 7. exd4 exd4 8. O-O Be7 9. Bf4 O-O 10. Ne5 Bd7 11. Nxc6 Bxc6 12. Bxc6 bxc6 13. Nd2 Qd7 14. Re1 Rfe8 15. Qf3 Qh3 16. Re2 Bf8 17. Rae1 h6 18. Qxc6 Rxe2 19. Rxe2 Rd8 20. Qg2 Qf5 21. Ne4 Nxe4 22. Qxe4 Qh5 23. Bc7 Rd7 24. Ba5 Re7 25. Qxe7 Bxe7 26. Rxe7 Qd1+ 27. Kg2 Qxd3 28. b3 Qc2 29. Bc7 Qxa2 30. Bd6 d3 31. Bxc5 d2 32. Rd7 Qc2 0-1


[Site "https://www.chess.com"]